 Dungeon Crawl Stone Soup version 0.31-a0-977-gc230f8ef24 (webtiles) character file.

Game seed: 3681821909999829964

59 Shayle the Ducker (level 4, -1/27 HPs)
             Began as a Tengu Hexslinger on Oct 29, 2023.
             Slain by a hobgoblin (3 damage)
             ... on level 3 of the Dungeon.
             The game lasted 00:01:59 (903 turns).

Shayle the Ducker (Tengu Hexslinger)                 Turns: 903, Time: 00:02:00

Health: -1/27      AC:  2    Str:  8    XL:     4   Next: 3%
Magic:  6/6        EV: 13    Int: 15    God:
Gold:   52         SH:  0    Dex: 17    Spells: 5/5 levels left

rFire   . . .        a - +1 sling
rCold   . . .        (no shield)
rNeg    . . .        c - +0 robe
rPois   .            (helmet restricted)
rElec   .            (no cloak)
rCorr   .            (no gloves)
SInv    +            (boots unavailable)
Will    +....        (no amulet)
Stlth   ++           f - ring of see invisible
HPRegen 0.24/turn    g - ring of willpower
MPRegen 0.10/turn

%: acrobat
@: invisible
A: beak, talons 3, acrobatic
a: no special abilities


You were on level 3 of the Dungeon.
You visited 1 branch of the dungeon, and saw 3 of its levels.

You collected 52 gold pieces.

Inventory:

Hand Weapons
 a - a +1 sling (weapon)
Armour
 c - a +0 robe (worn)
Jewellery
 f - a ring of see invisible (left hand)
 g - a ring of willpower (right hand)
Scrolls
 b - 2 scrolls of poison
 e - a scroll of identify {unknown}
 i - 2 scrolls of enchant armour {unknown}
 j - a scroll of torment {unknown}
Potions
 d - a potion of invisibility
 h - a potion of haste {unknown}
 k - a potion of curing {unknown}


   Skills:
 + Level 2.6 Fighting
 - Level 2.1 Ranged Weapons
 + Level 3.6 Dodging
 - Level 1.0 Spellcasting
 - Level 2.1 Hexes
 - Level 1.1 Fire Magic


You had 5 spell levels left.
You didn't know any spells.
Your spell library contained the following spells:

 Spells                   Type           Power      Damage    Failure   Level
 Jinxbite                 Hex            14%        N/A       16%         2
 Sigil of Binding         Hex            7%         N/A       30%         3
 Inner Flame              Hex/Fire       5%         N/A       36%         3
 Cause Fear               Hex            3%         N/A       69%         4
 Dimensional Bullseye     Hex/Tloc       2%         N/A       83%         4


Dungeon Overview and Level Annotations

Branches:
Dungeon (3/15)

Altars:


Innate Abilities, Weirdness & Mutations

You have a beak for a mouth.
You have claws for feet.
You can magically evade attacks while moving or waiting.


Message History

The sling bullet closely misses the gnoll.
The hobgoblin barely misses you. The kobold misses you.
The gnoll barely misses you.
You shoot a sling bullet.
The sling bullet closely misses the gnoll.
The hobgoblin misses you. The kobold hits you with a +0 dagger.
The gnoll misses you. The hobgoblin hits you.
You shoot a sling bullet. The sling bullet hits the gnoll.
The gnoll is severely wounded.
The kobold closely misses you. The gnoll misses you. The hobgoblin hits you.
The kobold hits you with a +0 dagger.
* * * LOW HITPOINT WARNING * * *
You shoot a sling bullet. The sling bullet hits the gnoll.
The gnoll is severely wounded.
The gnoll closely misses you. The hobgoblin closely misses you.
The kobold barely misses you. The gnoll barely misses you.
You shoot a sling bullet. The sling bullet hits the gnoll.
You kill the gnoll!
The hobgoblin hits you.
* * * LOW HITPOINT WARNING * * *
The kobold barely misses you. The hobgoblin hits you.
* * * LOW HITPOINT WARNING * * *
You have reached level 4!
You feel agile.
It was a potion of invisibility.
You fade into invisibility!
The kobold completely misses you. The hobgoblin barely misses you.
Things that are here:
a +0 whip; a gnoll corpse You shoot a sling bullet.
The sling bullet hits the kobold.
The kobold is moderately wounded.
The kobold closely misses you. The kobold barely misses you.
You shoot a sling bullet. The sling bullet hits the kobold.
You kill the kobold!
You shoot a sling bullet. The sling bullet hits the hobgoblin.
The hobgoblin is severely wounded.
The hobgoblin hits you.
* * * LOW HITPOINT WARNING * * *
The hobgoblin hits you.
You die...

.. #. #.
##. .. #.
#.#####.#
#.@g<=..#
####>..##
..$.....
.#.#####.#
..#.# ##
#.# #.#
#.#


You could see a hobgoblin (unable to see you).

Vanquished Creatures
  2 gnolls
  2 dart slugs (D:1)
  3 endoplasms (D:1)
  A giant cockroach (D:1)
  4 goblins
  4 hobgoblins (D:1)
  2 quokkas (D:1)
  A ball python (D:1)
  11 frilled lizards (D:1)
  7 kobolds
  A rat (D:1)
38 creatures vanquished.

Notes
Turn   | Place    | Note
-------+----------+-------------------------------------------
     0 | D:1      | Shayle the Tengu Hexslinger began the quest for the Orb.
     0 | D:1      | Reached XP level 1. HP: 12/12 MP: 3/3
   121 | D:1      | Reached XP level 2. HP: 12/16 MP: 4/4
   471 | D:1      | Reached skill level 3 in Dodging
   496 | D:1      | Reached XP level 3. HP: 12/21 MP: 5/5
   898 | D:3      | Reached XP level 4. HP: 3/27 MP: 6/6
   903 | D:3      | Slain by a hobgoblin

Illustrated notes

Levels and vault maps discovered:
D:1:      tarquinn_simple_flora_water_b, layout_loops_ring, minmay_lizard_king
D:2:      layout_loops_ring, chequers_big_river, kennysheep_cross_room
D:3:      layout_loops_ring, skrybe_limestone_x, uniq_crazy_yiuf_cottage

Skill      XL: |  1  2 |
---------------+-------+-----
Fighting       | 2 |  2.6
Dodging        | 3 |  3.6
Ranged Weapons | |  2.1
Spellcasting   | |  1.0
Hexes          | |  2.1
Fire Magic     | |  1.1

Action                     |  1- 3 |  4- 6 || total
---------------------------+-------+-------++-------
   Fire: Sling             |    93 |     3 ||    96
    Use: Potion            |       |     1 ||     1
 Armour: Robe              |    30 |     2 ||    32
  Dodge: Dodged            |    47 |     4 ||    51

Table legend: (Time is in decaauts)
 A = Elapsed time spent in this place.
 B = Non-inter-level travel time spent in this place.
 C = Inter-level travel time spent in this place.
 D = Time resting spent in this place.
 E = Time spent auto-exploring this place.
 F = Levels seen in this place.
 G = Mean time per level.
                   A        B        C        D        E       F      G
               +--------+--------+--------+--------+--------+-----+--------+
         Total |    929 |    923 |      6 |      0 |    714 |   3 |  309.7 |
       Dungeon |    929 |    923 |      6 |      0 |    714 |   3 |  309.7 |
               +--------+--------+--------+--------+--------+-----+--------+

Top non-repeatable levels by time:
     D:1: 821 daAuts
     D:2: 90 daAuts
     D:3: 18 daAuts
